 Dungeon Crawl Stone Soup version 0.30.0-5-g1a98f26d00 (webtiles) character file.

Game seed: 8670708134319692342

3862 GigaChad the Cleaver (level 9, 0/78 HPs)
             Began as a Minotaur Fighter on May 9, 2023.
             Was a Believer of Okawaru.
             Slain by a kobold brigand
             ... wielding a +0 war axe
              (10 damage)
             ... in a bailey.
             The game lasted 00:10:29 (6664 turns).

GigaChad the Cleaver (Minotaur Fighter)             Turns: 6664, Time: 00:10:30

Health: 0/78       AC: 15    Str: 25    XL:     9   Next: 99%
Magic:  8/8        EV:  8    Int:  9    God:    Okawaru [**....]
Gold:   1145       SH:  5    Dex: 10    Spells: 8/8 levels left

rFire   . . .        F - +0 broad axe
rCold   . . .        c - +0 buckler
rNeg    . . .        B - +0 plate armour
rPois   +            (helmet restricted)
rElec   .            y - +0 cloak
rCorr   .            (no gloves)
SInv    .            (no boots)
Will    .....        t - amulet of regeneration Stlth
                     m - ring of poison resistance
HPRegen 1.13/turn    f - ring "Hiabumoo" {Fly Int+4}
MPRegen 0.11/turn

%: no passive effects
@: flying
A: horns 2, retaliatory headbutt
a: Renounce Religion, Heroism


You were in a bailey.
You worshipped Okawaru.
Okawaru was pleased with you.
You visited 2 branches of the dungeon, and saw 9 of its levels.
You also visited: Bailey.

You collected 1377 gold pieces.
You spent 232 gold pieces at shops.

Inventory:

Hand Weapons
 a - a +0 war axe
 s - a +0 club
 A - a +3 dire flail
 E - the +1 spear of Vilu {heavy, rC+ Will+ Int+4 Dex-5}
   (You bought it in a shop on level 7 of the Dungeon)

   Int:       It affects your intelligence (+4).
   Dex:       It affects your dexterity (-5).
   rC:        It protects you from cold.
   Will:      It increases your willpower.
 F - a +0 broad axe (weapon)
Armour
 b - +1 fire dragon scales
 c - a +0 buckler (worn)
 r - the +4 helmet of the Arcane {Int+2}
   (You took it off Robin on level 4 of the Dungeon)

   Int:       It affects your intelligence (+2).
 y - a +0 cloak (worn)
 B - a +0 plate armour (worn)
Jewellery
 f - the ring "Hiabumoo" (right hand) {Fly Int+4}
   (You found it on level 2 of the Dungeon)

   [ring of flight]

   Int:       It affects your intelligence (+4).
   Fly:       It grants you flight.
 m - a ring of poison resistance (left hand)
 t - an amulet of regeneration (around neck)
 u - a ring of protection from cold
 G - an amulet of faith
Wands
 j - a wand of roots (40)
 z - a wand of polymorph (6)
 I - a wand of paralysis (12)
Scrolls
 e - a scroll of poison
 i - 3 scrolls of immolation
 o - 3 scrolls of teleportation
 q - a scroll of blinking
 v - 2 scrolls of fog
 x - a scroll of summoning {unknown}
 C - 2 scrolls of magic mapping
 D - a scroll of fear
Potions
 d - 3 potions of might
 g - a potion of brilliance {unknown}
 h - 4 potions of curing
 k - 2 potions of heal wounds {unknown}
 l - 4 potions of haste {unknown}
 n - a potion of degeneration
 p - 2 potions of lignification {unknown}
 w - a potion of attraction {unknown}
 H - a potion of cancellation {unknown}


   Skills:
 + Level 6.7 Fighting
 * Level 12.0(12.2) Axes
 * Level 2.5(8.1) Maces & Flails
 * Level 8.9 Armour
 + Level 2.5 Dodging
 - Level 0.1 Stealth
 * Level 7.2 Shields


You had 8 spell levels left.
You didn't know any spells.
Your spell library contained the following spells:

 Spells                   Type           Power      Damage    Failure   Level
 Apportation              Tloc           0%         N/A       99%         1
 Necrotise                Necr           0%         1d4       99%         1
 Sting                    Tmut/Pois      0%         1d3       99%         1
 Poisonous Vapours        Pois/Air       0%         N/A       100%        2
 Olgreb's Toxic Radiance  Pois           0%         N/A       100%        4
 Summon Small Mammal      Summ           Unusable   N/A       N/A         1

Dungeon Overview and Level Annotations

Branches:
Dungeon (8/15)             Temple (1/1) D:6          Bailey (1/1)
   Lair: D:8-11

Altars:
Ashenzari
Cheibriados
Dithmenos
Elyvilon
Fedhas
Gozag
Hepliaklqana
Kikubaaqudgha
Makhleb
Nemelex Xobeh
Okawaru
Qazlal
Ru
Sif Muna
Trog
Uskayaw
Vehumet
Xom
Yredelemnul
Zin
The Shining One

Shops:
D:1 [   D:7 :(


Innate Abilities, Weirdness & Mutations

You have a pair of horns on your head.
You reflexively headbutt those who attack you in melee.


Message History

Unknown command.
You are too injured to fight recklessly!
Unknown command.
You are too injured to fight recklessly!
Unknown command.
You feel sick.
You are no longer poisoned.
The orc warrior hits you with a +0 war axe!
You block the kobold brigand's attack.
There is an open door, spattered with blood here.
Unknown command.
You slash the orc warrior!
The orc warrior is severely wounded.
You slash the orc warrior! You closely miss the kobold brigand.
The orc warrior hits you with a +0 war axe.
The kobold brigand hits you but does no damage.
The orc warrior hits you with a +0 war axe.
* * * LOW HITPOINT WARNING * * *
You hit the orc warrior.
The orc warrior is severely wounded.
You slash the kobold brigand!
You kill the kobold brigand!
Okawaru accepts your kill.
You barely miss the orc warrior.
The orc warrior hits you with a +0 war axe!
* * * LOW HITPOINT WARNING * * *
The orc warrior barely misses you.
You slice the orc warrior!!
You kill the orc warrior!
Okawaru accepts your kill.
You hit the kobold brigand. You barely miss the orc warrior.
The orc warrior barely misses you. You furiously retaliate!
You headbutt the orc warrior. The kobold brigand closely misses you.
The kobold brigand throws a poisoned dart.
The poisoned dart hits you! The orc warrior closely misses you.
The kobold brigand hits you with a +0 war axe.
* * * LOW HITPOINT WARNING * * *
The kobold brigand hits you with a +0 war axe!
You die...

#####~~.......~~#
##~.......~##
####'''####
##.....##
#∩.[..(∩#
#...8...#
##..(..## ###'###
#o@K# #....K....#
#.............#
...............
...............
#.............#
###.$!.(.$:.###
####._.####


You could see an orc warrior and 2 kobold brigands.

Vanquished Creatures
  Grinder (D:4)
  Sigmund (D:3)
  2 water moccasins (D:7)
  4 orc warriors
  A black bear (D:4)
  3 ice beasts
  2 sky beasts
  3 ogres
  5 centaurs
  2 phantoms (D:4)
  2 bullfrogs
  6 kobold brigands
  A wight (D:7)
  4 howler monkeys (D:7)
  3 jellies
  A gnoll bouda (D:8)
  An orc priest (D:7)
  2 hounds
  5 iguanas
  3 sleepcaps
  5 orc wizards
  Robin (D:4)
  4 gnolls (D:8)
  10 adders
  A white imp (D:7)
  An ufetubus (D:7)
  A worm (D:2)
  2 dart slugs
  38 orcs
  5 ball pythons
  4 bats (D:1)
  6 endoplasms
  6 giant cockroaches
  14 goblins
  9 hobgoblins
  2 jackals (D:4)
  26 kobolds
  3 quokkas
  2 frilled lizards (D:1)
  5 rats
197 creatures vanquished.

Notes
Turn   | Place    | Note
-------+----------+-------------------------------------------
     0 | D:1      | GigaChad the Minotaur Fighter began the quest for the Orb.
     0 | D:1      | Reached XP level 1. HP: 19/19 MP: 0/0
   123 | D:1      | Reached XP level 2. HP: 22/27 MP: 1/1
   403 | D:1      | Found Viehin's Antique Armour Boutique.
  1022 | D:1      | Identified a scroll of acquirement
  1022 | D:1      | Acquired 1032 gold pieces
  1180 | D:2      | Reached XP level 3. HP: 25/33 MP: 2/2
  1287 | D:2      | Reached skill level 3 in Axes
  1431 | D:2      | Reached skill level 1 in Dodging
  1477 | D:2      | Identified the ring "Hiabumoo" {Fly Int+4}
  1525 | D:2      | Reached XP level 4. HP: 40/40 MP: 3/3
  1828 | D:3      | Noticed Sigmund
  1833 | D:3      | Reached XP level 5. HP: 41/46 MP: 4/4
  1843 | D:3      | Killed Sigmund
  1844 | D:3      | Reached skill level 4 in Axes
  1844 | D:3      | Reached skill level 5 in Armour
  1844 | D:3      | Reached XP level 6. HP: 46/53 MP: 5/5
  2088 | D:3      | Reached skill level 5 in Axes
  2545 | D:4      | Reached skill level 5 in Shields
  2696 | D:4      | Reached skill level 6 in Axes
  2696 | D:4      | Reached XP level 7. HP: 58/60 MP: 6/6
  2729 | D:4      | Identified the +4 helmet of the Arcane {Int+2}
  2729 | D:4      | Noticed Robin
  2737 | D:4      | Killed Robin
  2744 | D:4      | Noticed Grinder
  2752 | D:4      | Killed Grinder
  2753 | D:4      | Reached skill level 7 in Axes
  2982 | D:4      | Found a glowing golden altar of the Shining One.
  2987 | D:4      | Found a shadowy altar of Dithmenos.
  3348 | D:5      | Entered Level 5 of the Dungeon
  3587 | D:5      | Found Quebich's Fire Supplies.
  4005 | D:6      | Reached skill level 8 in Axes
  4005 | D:6      | Reached XP level 8. HP: 66/67 MP: 7/7
  4147 | D:6      | Reached skill level 5 in Fighting
  4339 | D:6      | Found a staircase to the Ecumenical Temple.
  4352 | Temple   | Entered the Ecumenical Temple
  4462 | Temple   | Became a worshipper of Warmaster Okawaru
  4570 | D:6      | Reached skill level 9 in Axes
  5014 | D:7      | Reached * piety under Okawaru
  5110 | D:7      | Reached skill level 10 in Axes
  5137 | D:7      | Reached XP level 9. HP: 63/74 MP: 8/8
  5336 | D:7      | Found a shimmering altar of Xom.
  5338 | D:7      | Found a hide-covered altar of Uskayaw.
  5342 | D:7      | Found a stormy altar of Qazlal.
  5601 | D:7      | Reached ** piety under Okawaru
  5612 | D:7      | Reached skill level 11 in Axes
  5742 | D:7      | Found Liosunn's Antique Weapon Shoppe.
  5745 | D:7      | Bought a fine spear for 232 gold pieces
  5745 | D:7      | Identified the +1 spear of Vilu {heavy, rC+ Will+ Int+4
                  | Dex-5} (You bought it in a shop on level 7 of the Dungeon)
  5792 | D:7      | Found Cukof's Tremendous Tomes.
  5886 | D:7      | Reached skill level 1 in Maces & Flails
  6420 | D:8      | Found a flagged portal.
  6431 | Bailey   | Entered a bailey
  6655 | Bailey   | Found a burning altar of Makhleb.
  6660 | Bailey   | Reached skill level 12 in Axes
  6664 | Bailey   | Slain by a kobold brigand

Illustrated notes

Levels and vault maps discovered:
D:1:      nzn_arrival_settlement, layout_basic, serial_shops,
          nicolae_shop_advertising_works [nicolae_subvault_shop_adworks]
D:2:      layout_loops_ring
D:3:      layout_loops_ring, grunt_decor_resistance, minmay_distorted,
          uniq_sigmund
D:4:      layout_rooms, chequers_temple_overflow_statue_of_worship, uniq_robin,
          uniq_grinder
D:5:      wander_guarded_unrand_ratskin, layout_gridville,
          nicolae_shop_fire_sale [nicolae_sub_dead_trees]
D:6:      layout_rooms, minmay_temple_entry_glassed_door
D:7:      nzn_winding_woodlands_three_and_one
          [nzn_winding_woodlands_5x15_zeroes,
          nzn_winding_woodlands_5x15_lazy_stream,
          nzn_winding_woodlands_5x15_longhouse,
          nzn_winding_woodlands_center_lodge], layout_basic,
          grunt_temple_overflow_open, serial_shops,
          nicolae_shop_window_shopping, nicolae_shop_i_like_big_books,
          amcnicky_mini_corridor_feature
D:8:      layout_basic, mainiacjoe_overflow_chevrons, enter_bailey_2,
          kennysheep_small_spiral
Temple:   minmay_temple_bridge_d
Bailey:   bailey_axe_3, bailey

Skill      XL: |  1  2  3  4  5  6  7  8  9 |
---------------+----------------------------+-----
Shields        | 4 5 6 7 |  7.2
Armour         | 4 5 6 7 8 |  8.9
Fighting       | 4 5 6 |  6.7
Axes           | 3 4 6 8 10 12 | 12.0
Dodging        | 1 2 |  2.5
Maces & Flails | 2 |  2.5
Stealth        | |  0.1

Action                     |  1- 3 |  4- 6 |  7- 9 || total
---------------------------+-------+-------+-------++-------
  Melee: War axe           |    71 |   115 |   311 ||   497
         Headbutt          |     7 |     8 |    60 ||    75
         Broad axe         |       |       |     7 ||     7
    Use: Scroll            |     6 |     4 |     6 ||    16
 Armour: Scale mail        |    17 |       |       ||    17
         Fire dragon scale |    17 |    60 |    72 ||   149
         Plate armour      |       |       |    99 ||    99
  Dodge: Dodged            |    31 |    40 |   120 ||   191
  Block: Buckler           |    14 |    34 |    73 ||   121
